 Dungeon Crawl Stone Soup version 0.30-a0-394-g3e4acdb0ae (webtiles) character file.

Game seed: 11114185157392906524

140 cforsyth the Trooper (level 5, -3/47 HPs)
             Began as a Hill Orc Fighter on Dec 7, 2022.
             Killed from afar by Natasha (9 damage)
             ... with a magic dart
             ... on level 2 of the Dungeon.
             The game lasted 00:02:39 (1499 turns).

cforsyth the Trooper (Hill Orc Fighter)             Turns: 1499, Time: 00:02:40

Health: -3/47      AC:  7    Str: 21    XL:     5   Next: 22%
Magic:  5/5        EV:  9    Int:  8    God:
Gold:   207        SH:  4    Dex: 10    Spells: 4/4 levels left

rFire   . . .      SeeInvis .    a - +0 war axe
rCold   . . .      Faith    .    c - +0 buckler
rNeg    . . .      Spirit   .    b - +0 scale mail
rPois   .          Reflect  .    (no helmet)
rElec   .          Harm     .    (no cloak)
rCorr   .          Rampage  .    (no gloves)
Will    .....                    (no boots)
Stlth   ..........               (no amulet)
HPRegen 0.27/turn                (no ring)
MPRegen 0.09/turn                (no ring)

@: slowed, very slow
A: no striking features
a: no special abilities


You were on level 2 of the Dungeon.
You visited 1 branch of the dungeon, and saw 2 of its levels.

You collected 207 gold pieces.

Inventory:

Hand Weapons
 a - a +0 war axe (weapon)
Armour
 b - a +0 scale mail (worn)
 c - a +0 buckler (worn)
Scrolls
 f - a scroll of magic mapping {unknown}
 h - 2 scrolls of identify {unknown}
 i - a scroll of vulnerability {unknown}
Potions
 d - a potion of might
 e - a potion of degeneration {unknown}
 g - a potion of lignification {unknown}


   Skills:
 + Level 4.9 Fighting
 + Level 4.5 Axes
 + Level 4.5 Armour
 - Level 3.2 Shields


You had 4 spell levels left.
You didn't know any spells.
Your spell library was empty.

Dungeon Overview and Level Annotations

Branches:
Dungeon (2/15)

Altars:

Annotations:
D:2 Natasha


Message History

Natasha mumbles some strange words.
The iron imp grins evilly.
Natasha claws you.
You closely miss Natasha. You hit the iron imp but do no damage.
Natasha barely misses you.
The iron imp hits you but does no damage.
Natasha hisses.
Natasha closely misses you. The iron imp hits you.
You closely miss Natasha. You hit the crimson imp.
You closely miss the iron imp. Natasha claws you but does no damage.
You block the crimson imp's attack. The iron imp closely misses you.
Natasha stares at you and mumbles some strange words.
The magic dart hits you.
The crimson imp blinks!
You closely miss Natasha. You hit the iron imp.
Natasha mumbles some strange words.
The iron imp hits you!
The crimson imp blinks!
Natasha claws you. You block the iron imp's attack.
You hit the iron imp.
The iron imp is heavily wounded.
You slash Natasha! Natasha claws you but does no damage.
The iron imp grins evilly.
The iron imp hits you. Natasha barely misses you.
The iron imp hits you but does no damage.
You hit Natasha.
Natasha is almost dead.
You hit the iron imp.
The iron imp disappears in a puff of smoke!
Natasha closely misses you. Natasha claws you.
You miss Natasha.
Natasha is almost dead.
You hit the white imp.
The crimson imp disappears in a puff of smoke!
The white imp gestures at you. The puff of frost hits you.
You block Natasha's attack. The white imp gestures at you.
The puff of frost hits you!
* * * LOW HITPOINT WARNING * * *
Natasha stares at you and mumbles some strange words.
The magic dart hits you!
You die...

###..[....... <. #.......
###†#######.. ....#######.......
.......### ..................
...........## #.#..............
.......###...####...###..........
.......#### ............###.....#
.P........# #..........###....#.
..........####..5h..........##...
.......<........@.....§.##)).....
..........####..........##.###.#.
...............##.#.#####........
..........####.................##
..........# #................###
..........# #.........####...# #
..........# #.........# ##### #
########### ####..#...# #
#.##...# ####


You could see Natasha and a white imp (summoned).

Vanquished Creatures
  Natasha (D:2)
  2 adders (D:2)
  4 gnolls (D:2)
  3 worms (D:2)
  5 dart slugs
  5 ball pythons
  5 endoplasms (D:1)
  A giant cockroach (D:1)
  2 hobgoblins (D:1)
  2 quokkas (D:1)
  A bat (D:1)
  5 goblins
  6 kobolds
  3 rats (D:1)
  4 toadstools (D:2)
49 creatures vanquished.

Vanquished Creatures (others)
  8 fungi (D:2)
  A toadstool (D:2)
9 creatures vanquished.

Grand Total: 58 creatures vanquished

Notes
Turn   | Place    | Note
-------+----------+-------------------------------------------
     0 | D:1      | cforsyth the Hill Orc Fighter began the quest for the Orb.
     0 | D:1      | Reached XP level 1. HP: 19/19 MP: 1/1
   369 | D:1      | Reached XP level 2. HP: 27/27 MP: 2/2
   570 | D:1      | Reached XP level 3. HP: 30/33 MP: 3/3
  1198 | D:2      | Noticed Natasha
  1199 | D:2      | Reached XP level 4. HP: 30/41 MP: 4/4
  1203 | D:2      | Killed Natasha
  1208 | D:2      | Reached XP level 5. HP: 23/47 MP: 5/5
  1487 | D:2      | Noticed Natasha
  1499 | D:2      | Killed from afar by Natasha

Illustrated notes

Levels and vault maps discovered:
D:1:      elethiomel_arrival_infinity_welcomes_careful_drivers, layout_basic
D:2:      layout_rooms, minmay_misc_feat_rows, hex_tiny,
          minmay_gold_behind_fungi, uniq_natasha

Skill      XL: |  1  2  3  4 |
---------------+-------------+-----
Axes           | 3 4 |  4.5
Fighting       | 4 |  4.9
Armour         | 4 |  4.5
Shields        | |  3.2

Action                   |  1- 3 |  4- 6 || total
-------------------------+-------+-------++-------
Melee: War axe           |   109 |    31 ||   140
Armor: Scale mail        |    40 |    10 ||    50
Dodge: Dodged            |    36 |    18 ||    54
Block: Buckler           |    26 |     6 ||    32

Table legend: (Time is in decaauts)
 A = Elapsed time spent in this place.
 B = Non-inter-level travel time spent in this place.
 C = Inter-level travel time spent in this place.
 D = Time resting spent in this place.
 E = Time spent auto-exploring this place.
 F = Levels seen in this place.
 G = Mean time per level.
                   A        B        C        D        E       F      G
               +--------+--------+--------+--------+--------+-----+--------+
         Total |   1551 |   1509 |     42 |      0 |   1197 |   2 |  775.5 |
       Dungeon |   1551 |   1509 |     42 |      0 |   1197 |   2 |  775.5 |
               +--------+--------+--------+--------+--------+-----+--------+

Top non-repeatable levels by time:
     D:1: 1064 daAuts
     D:2: 487 daAuts
